AoeStats
← 阿裁

Arena

513624182Analyzed
4v4 RM · 4d ago on Oct 14, 2026· 38m 30s· 8 players
Game mode
Random Map
Map size
Large (8 player)
Population
200
Speed
Normal
Resources
Standard
Victory
Conquest
Starting age
Dark Age
Ending age
Imperial Age
RankedLock teamsTeams togetherTeam positionsShared explorationLock speedFull tech treeHidden civsTurbo modeCheats
Victory
Defeat
1034
+16
🇨🇳 Turks · China
1032
+16
🇨🇳 Franks · China
1029
+16
🇹🇼 Britons · Taiwan
999
+17
vs
🇺🇸 Japanese · United States
1071
-17
🇺🇸 Dravidians · United States
1061
-18
🇺🇸 Danes · United States
997
-15
🇹🇷 Khmer · Türkiye
987
-15
z先生
9:59 Feudal Age
14:30 Castle Age
13:26 Double-Bit Axe
19:54 Wheelbarrow
24:25 Bow Saw
24:05 Loom
24:41 Hand Cart
29:53 Imperial Age
27:35 Scale Barding Armor
27:42 Forging
27:32 Town Watch
28:53 Chain Barding Armor
29:04 Gold Mining
29:05 Stone Mining
29:52 Iron Casting
29:52 Husbandry
30:12 Treadmill Crane
31:22 Gold Shaft Mining
31:53 Plate Barding Armor
30:46 Cavalier
32:46 Blast Furnace
32:04 Fletching
33:33 Chemistry
32:54 Ballistics
34:26 Chivalry
34:47 Conscription
35:08 Paladin
阿裁
10:48 Feudal Age
11:22 Double-Bit Axe
16:23 Castle Age
15:48 Stone Mining
18:13 Wheelbarrow
19:23 Bow Saw
19:40 Fletching
20:01 Loom
20:43 Padded Archer Armor
22:38 Crossbowman
25:03 Bodkin Arrow
25:29 Hand Cart
25:06 Gold Mining
28:59 Ballistics
28:46 Horse Collar
30:41 Gold Shaft Mining
30:11 Heavy Plow
34:44 Imperial Age
32:06 Town Watch
33:59 Leather Archer Armor
35:07 Arbalester
36:15 Bracer
36:13 Elite Skirmisher
38:35 Chemistry
39:22 Ring Archer Armor
39:15 Conscription
瘦死的骆驼比马大
11:24 Feudal Age
15:21 Castle Age
13:26 Double-Bit Axe
13:24 Horse Collar
16:46 Bow Saw
17:21 Heavy Plow
22:16 Wheelbarrow
21:50 Stone Mining
22:24 Gold Mining
23:54 Loom
24:39 Hand Cart
28:38 Imperial Age
26:32 Ballistics
26:06 Guard Tower
27:46 Gold Shaft Mining
27:28 Pikeman
28:09 Squires
28:12 Scale Mail Armor
28:38 Ballistics
30:59 Two-Man Saw
29:27 Onager
31:22 Conscription
31:35 Chain Mail Armor
31:58 Yasama
32:04 Halberdier
33:15 Plate Mail Armor
33:35 Forging
33:17 Fletching
33:28 Padded Archer Armor
34:18 Keep
33:29 Arrowslits
35:41 Chemistry
34:47 Siege Engineers
34:53 Masonry
34:24 Treadmill Crane
35:32 Town Watch
36:24 Iron Casting
37:44 Town Patrol
零贰cc
11:32 Feudal Age
15:57 Castle Age
13:45 Double-Bit Axe
13:42 Horse Collar
22:04 Imperial Age
20:12 Wheelbarrow
20:53 Bow Saw
23:36 Padded Archer Armor
26:13 Gold Mining
34:22 Fortified Wall
35:05 Masonry
Caillou
7:05 Loom
11:30 Feudal Age
16:09 Castle Age
15:03 Double-Bit Axe
14:59 Horse Collar
16:33 Stone Mining
16:33 Gold Mining
21:38 Heavy Plow
24:00 Yasama
30:26 Imperial Age
28:34 Wheelbarrow
28:03 Fletching
30:05 Bodkin Arrow
33:02 Imperial Age
34:32 Crossbowman
35:29 Arbalester
37:49 Ballistics
37:52 Thumb Ring
D0UBLEoS3V3N
9:43 Feudal Age
10:35 Double-Bit Axe
14:48 Castle Age
14:18 Horse Collar
15:46 Gold Mining
17:08 Fletching
19:42 Wheelbarrow
19:33 Bow Saw
20:19 Heavy Plow
20:09 Loom
23:18 Hand Cart
24:50 Bodkin Arrow
26:20 Scale Barding Armor
26:25 Forging
26:51 Ballistics
27:02 Husbandry
29:15 Chain Barding Armor
28:57 Padded Archer Armor
30:45 Town Watch
34:24 Imperial Age
32:37 Leather Archer Armor
34:18 Masonry
35:29 Iron Casting
36:46 Two-Man Saw
36:32 Coinage
36:13 Guilds
36:50 Fortified Wall
37:17 Conscription
37:18 Town Patrol
37:12 Stone Mining
38:05 Medical Corps
38:30 Scale Mail Armor
40:05 Blast Furnace
Ergonus
11:35 Feudal Age
9:51 Loom
11:40 Feudal Age
16:13 Castle Age
14:29 Double-Bit Axe
14:29 Horse Collar
18:43 Wheelbarrow
18:39 Town Watch
22:41 Heavy Plow
23:02 Bow Saw
23:52 Hand Cart
24:59 Gold Mining
25:00 Stone Mining
26:40 Scale Mail Armor
26:44 Squires
26:31 Gambesons
26:38 Arson
27:50 Chain Mail Armor
27:46 Forging
30:40 Gold Shaft Mining
33:04 Iron Casting
36:45 Imperial Age
35:39 Fletching
sonsehzadee
9:35 Feudal Age
12:29 Double-Bit Axe
12:44 Horse Collar
15:45 Castle Age
14:52 Stone Mining
14:56 Gold Mining
15:04 Gold Mining
18:11 Loom
22:22 Wheelbarrow
25:55 Hand Cart
27:29 Gold Shaft Mining
31:17 Imperial Age
32:22 Conscription
31:23 Elite Ballista Elephant
32:05 Light Cavalry
32:56 Bloodlines
32:46 Husbandry
33:26 Heavy Plow
33:16 Hussar
34:35 Stone Shaft Mining
34:39 Crop Rotation
Connection lost

Rejoining the realm…

Still unreachable

The connection could not be restored.

Session expired

The server has moved on; the page needs a fresh start.